 Dungeon Crawl Stone Soup version 0.30-b1-2-g02819fbbbe (webtiles) character file.

Game seed: 4096591993964451791

39 sanka the Ducker (level 3, -6/27 HPs)
             Began as a Merfolk Fire Elementalist on May 14, 2023.
             Was a High Priest of Ignis.
             Engulfed by a cloud of flame (13 damage)
             ... on level 1 of the Dungeon.
             The game lasted 00:04:48 (2219 turns).

sanka the Ducker (Merfolk Fire Elementalist)        Turns: 2219, Time: 00:04:48

Health: -6/27      AC:  2    Str:  8    XL:     3   Next: 45%
Magic:  6/6        EV: 13    Int: 14    God:    Ignis [*****.]
Gold:   167        SH:  0    Dex: 16    Spells: 3/6 levels left

rFire   + . .        k - +0 short sword
rCold   . . .        (no shield)
rNeg    . . .        a - +0 robe
rPois   .            (no helmet)
rElec   .            (no cloak)
rCorr   .            (no gloves)
SInv    .            (no boots)
Will    .....        g - amulet of faith
Stlth   ++           i - ring of wizardry
HPRegen 0.24/turn    (no ring)
MPRegen 0.10/turn

%: faith, wizardry (x1)
@: no status effects
A: (nimble swimmer 2), mertail
a: Renounce Religion, Fiery Armour, Foxfire Swarm, Rising Flame


You were on level 1 of the Dungeon.
You worshipped Ignis.
Ignis was extremely pleased with you.
You visited 1 branch of the dungeon, and saw 2 of its levels.

You collected 167 gold pieces.

Inventory:

Hand Weapons
 k - a +0 short sword (weapon)
Missiles
 o - 3 poisoned darts
Armour
 a - a +0 robe (worn)
Jewellery
 g - an amulet of faith (around neck)
 i - a ring of wizardry (left hand)
Scrolls
 d - a scroll of brand weapon {unknown}
 f - a scroll of enchant armour {unknown}
 h - a scroll of identify {unknown}
 l - 2 scrolls of vulnerability {unknown}
 m - a scroll of magic mapping {unknown}
 n - a scroll of noise {unknown}
Potions
 b - 2 potions of magic
 c - 2 potions of mutation {unknown}
 e - 2 potions of flight {unknown}
 j - a potion of haste {unknown}
 p - a potion of might {unknown}


   Skills:
 + Level 2.2 Fighting
 + Level 4.0 Dodging
 - Level 2.1 Stealth
 - Level 2.0 Spellcasting
 - Level 0.7 Conjurations
 - Level 2.1 Fire Magic


You had 3 spell levels left.
You knew the following spells:

 Your Spells              Type           Power      Damage    Failure   Level
a - Foxfire               Conj/Fire      20%        2x1d5     5%          1
b - Scorch                Fire           14%        2d5       6%          2

Your spell library contained the following spells:

 Spells                   Type           Power      Damage    Failure   Level
 Inner Flame              Hex/Fire       4%         N/A       17%         3
 Volatile Blastmotes      Fire/Tloc      8%         2d10      17%         3
 Flame Wave               Conj/Fire      5%         2d5       45%         4
 Animate Dead             Necr           1%         N/A       65%         4
 Haunt                    Necr/Summ      0%         N/A       100%        7
 Infestation              Necr           0%         N/A       100%        8


Dungeon Overview and Level Annotations

Branches:
Dungeon (2/15)

Altars:
Ignis


Innate Abilities, Weirdness & Mutations

((You are very nimble when in or above water. (Stealth+, EV+, Speed+++)))
Your lower body shifts to a powerful aquatic tail in water.


Message History

Magic restored.
The golden eye pulsates ominously.
There is a faded altar of an unknown god here.
Unknown command.
Press < or > to pray at altars.
This altar belongs to (a) Ignis, (b) Wu Jian or (c) Ru, but you can't tell which.
Press the corresponding letter to learn more about a god, or press enter to convert or escape to cancel.
Ignis accepts your prayer! Ignis welcomes you!
You now have 149 gold pieces (gained 12).
b - 2 potions of magic (gained 1)
Found an escape hatch in the floor.
No target in view!
There is a stone staircase leading up here.
You climb upwards.
There is a stone staircase leading down here.
There is an open door here.
Really walk into a travel-excluded area?
You are engulfed in blazing flames.
You resist.
You are engulfed in blazing flames.
You resist.
You are engulfed in blazing flames.
You resist.
* * * LOW HITPOINT WARNING * * *
You pick up a book of Death and begin reading...
You add the spells Animate Dead, Haunt and Infestation to your library.
You start resting.
HP restored.
You now have 167 gold pieces (gained 18).
n - a scroll labelled PAALUR SAUGOJU You see here 3 poisoned darts.
o - 3 poisoned darts
p - an emerald potion
There are no items here.
Really walk into a travel-excluded area?
You are engulfed in blazing flames.
You resist.
You are engulfed in blazing flames.
You resist.
* * * LOW HITPOINT WARNING * * *
You are engulfed in blazing flames.
You resist.
You die...

+######.###.#...# #..##.####.# .#
#.#...#...# #..#.....#.# .#
#.#.###...# ##..#...###.## '####
#.#.###..## #...#####.....
....###.#......# #☼☼○# ###.#.
.......)..###..# #°§☼# #...#.
....#...#.# #..# #§§°# #...#.
####..#.#.###.######...#########.
##..#.#.##....@○§.....§§§.####.
##...#.#.###...☼☼§.....☼§§...##.
#..#.#.#.# #...○☼§.....○○☼.#.##.
#.##.#.#.# #..#####...#####.....
##.##.#.#.# #### #§§§# #####.
....>...#.###### #○☼§# #####.
...##)###......# #○☼.# #.....
###............#####...##########
....#.###.............###........


There were no monsters in sight!

Vanquished Creatures
  An adder (D:2)
  3 bats (D:1)
  4 endoplasms (D:1)
  2 giant cockroaches (D:2)
  4 goblins (D:1)
  3 hobgoblins
  2 ball pythons
  6 frilled lizards (D:1)
  4 kobolds
29 creatures vanquished.

Vanquished Creatures (others)
  92 foxfires
92 creatures vanquished.

Grand Total: 121 creatures vanquished

Notes
Turn   | Place    | Note
-------+----------+-------------------------------------------
     0 | D:1      | sanka the Merfolk Fire Elementalist began the quest for the
                  | Orb.
     0 | D:1      | Reached XP level 1. HP: 13/13 MP: 3/3
   233 | D:1      | Reached skill level 3 in Dodging
   309 | D:1      | Reached skill level 1 in Fighting
   374 | D:1      | Reached XP level 2. HP: 21/21 MP: 0/5
  1749 | D:2      | Reached XP level 3. HP: 27/27 MP: 3/6
  1785 | D:2      | Learned a level 2 spell: Scorch
  1901 | D:2      | Noticed a golden eye
  1903 | D:2      | Noticed a floating eye
  1905 | D:2      | Found a faded altar of an unknown god.
  1934 | D:2      | Noticed a great orb of eyes
  1935 | D:2      | Noticed an eye of devastation
  1957 | D:2      | Reached skill level 4 in Dodging
  1987 | D:2      | Prayed at the altar of an unknown god.
  1987 | D:2      | Became a worshipper of Ignis, the Dying Flame
  2098 | D:1      | HP: 1/27 [something (9)]
  2219 | D:1      | Engulfed by a cloud of flame

Illustrated notes

Levels and vault maps discovered:
D:1:      elethiomel_arrival_shortcut, layout_basic, lemuel_flame_loot_1
D:2:      layout_rooms, hellmonk_ecumenical_altar_watching_god

Skill      XL: |  1  2  3 |
---------------+----------+-----
Dodging        | 3 4 |  4.0
Fighting       | 1 2 |  2.2
Stealth        | |  2.1
Spellcasting   | |  2.0
Conjurations   | |  0.7
Fire Magic     | |  2.1

Action                     || total
---------------------------++-------
  Melee: Unarmed           ||    16
         Short sword       ||    16
   Cast: Foxfire           ||    54
   Stab: Sleeping          ||     3
 Armour: Robe              ||     6
  Dodge: Dodged            ||    33
